 Dungeon Crawl Stone Soup version 0.26-a0-651-gb41185065b (webtiles) character file.

Game seed: 6425376955782417193

60 Ozzies the Skirmisher (level 4, -3/31 HPs)
             Began as a Gargoyle Fighter on Oct 14, 2020.
             Slain by a chaos spawn (11 damage)
             ... on level 1 of the Abyss.
             The game lasted 00:01:20 (1560 turns).

Ozzies the Skirmisher (Gargoyle Fighter)            Turns: 1560, Time: 00:01:21

Health: -3/31      AC: 11    Str: 20    XL:     4   Next: 4%
Magic:  4/4        EV:  7    Int:  9    God:
Gold:   106        SH:  9    Dex:  9    Spells: 3/3 levels left

rFire    . . .     SeeInvis .   a - +0 flail
rCold    . . .     Faith    .   c - +0 kite shield
rNeg     + . .     Spirit   .   b - +0 scale mail
rPois    ∞         Reflect  .   g - +0 helmet
rElec    +         Harm     .   (no cloak)
rCorr    .         Rampage  .   (no gloves)
MR       .....                  (no boots)
Stlth    ..........             (no amulet)
HPRegen  0.10/turn              (no ring)
MPRegen  0.09/turn              (no ring)

@: no status effects
A: negative energy resistance 1, electricity resistance, unbreathing,
petrification resistance, rot immunity, AC +3
a: no special abilities


You were on level 1 of the Abyss.
You visited 1 branch of the dungeon, and saw 2 of its levels.
You visited the Abyss 1 time.

You collected 106 gold pieces.

Inventory:

Hand Weapons
 a - a +0 flail (weapon)
Armour
 b - a +0 scale mail (worn)
 c - a +0 kite shield (worn)
 g - a +0 helmet (worn)
 j - a +2 buckler
Scrolls
 e - a scroll of identify {unknown}
 i - a scroll of noise {unknown}
Potions
 d - a potion of might {@q3 !q}
 f - a potion of degeneration {unknown}
 h - a potion of heal wounds {unknown}
 k - 2 potions of magic {unknown}


   Skills:
 + Level 5.3 Fighting
 - Level 2.0 Maces & Flails
 - Level 3.2 Armour
 - Level 3.2 Shields


You had 3 spell levels left.
You didn't know any spells.
Your spell library was empty.

Dungeon Overview and Level Annotations

Branches:
Dungeon (2/15)

Altars:


Innate Abilities, Weirdness & Mutations

You are resistant to torment.
Your stone body is resilient. (AC +3)
You are immune to poison.
You resist negative energy. (rN+)
You are resistant to electric shocks. (rElec)
You can survive without breathing.
You are immune to petrification.
You are immune to rotting.


Message History

You closely miss the rat. The rat barely misses you.
You completely miss the rat.
A rat comes into view.
You block the rat's attack.
You barely miss the rat. The rat barely misses you.
The rat bites you but does no damage.
You closely miss the rat. The rat bites you but does no damage.
You sock the rat!
You kill the rat!
You block the rat's attack.
Found a stone staircase leading up.
Things that are here:
a +0 club; a hobgoblin corpse You sock the rat!
You kill the rat!
No target in view!
No target in view!
No target in view!
No target in view!
No target in view!
No target in view!
No target in view!
No target in view!
No target in view!
Found a stone staircase leading down.
There is a stone staircase leading down here.
A goblin comes into view.
It is wielding a +1 dagger of distortion.
You closely miss the goblin. The goblin hits you but does no damage.
Space warps horribly around you!!
Ouch! That really hurt!
You block the goblin's attack.
You are too injured to fight recklessly!
You are too injured to fight recklessly!
You are too injured to fight recklessly!
You are too injured to fight recklessly!
You are too injured to fight recklessly!
You are too injured to fight recklessly!
You are too injured to fight recklessly!
You are too injured to fight recklessly!
You are too injured to fight recklessly!
You are too injured to fight recklessly!
You are too injured to fight recklessly!
You are too injured to fight recklessly!
You are too injured to fight recklessly!
You are too injured to fight recklessly!
You are too injured to fight recklessly!
You are too injured to fight recklessly!
You are too injured to fight recklessly!
You are too injured to fight recklessly!
You are too injured to fight recklessly!
You are too injured to fight recklessly!
Your scale mail prevents you from hitting the goblin.
The goblin hits you but does no damage.
You are cast into the Abyss!
To return, you must find a gate leading back.
Killing monsters will force the Abyss to allow you passage.
This branch contains the abyssal rune of Zot.
Found 22 gold pieces.
A chaos spawn comes into view.
A chaos spawn is nearby!
A chaos spawn is nearby!
A chaos spawn is nearby!
A chaos spawn is nearby!
A chaos spawn is nearby!
A chaos spawn is nearby!
A chaos spawn is nearby!
A chaos spawn is nearby!
A chaos spawn is nearby!
A chaos spawn is nearby!
A chaos spawn is nearby!
A chaos spawn is nearby!
A chaos spawn is nearby!
A chaos spawn is nearby!
You are too injured to fight recklessly!
You are too injured to fight recklessly!
You are too injured to fight recklessly!
You are too injured to fight recklessly!
You are too injured to fight recklessly!
You are too injured to fight recklessly!
You are too injured to fight recklessly!
You are too injured to fight recklessly!
You are too injured to fight recklessly!
You are too injured to fight recklessly!
You are too injured to fight recklessly!
You are too injured to fight recklessly!
You are too injured to fight recklessly!
You are too injured to fight recklessly!
You are too injured to fight recklessly!
You are too injured to fight recklessly!
You are too injured to fight recklessly!
You are too injured to fight recklessly!
You are too injured to fight recklessly!
You are too injured to fight recklessly!
Found 22 stones and a shiny emerald ring.
You hit the chaos spawn.
The chaos spawn is lightly wounded.
The chaos spawn hits you!
* * * LOW HITPOINT WARNING * * *
You are engulfed in flames!
You die...

.. .......... ...
.........= .
#...##.#.....# . .##
##..##.##...## .. #
..#......#.....#...
#.#................. #
. .##........... #
##...##...@4......
####. #.....#$....#...
##. ..#.#.....##...##
...........##.#.....#
###. . #...##........(
......................
##.# #..#...
........... ....
#.....##.#.....#... .#
..#..# .##.##...#


You could see a chaos spawn.

Vanquished Creatures
  An adder (D:2)
  4 dart slugs
  4 giant cockroaches
  5 goblins
  9 hobgoblins
  5 jackals (D:2)
  2 kobolds
  4 frilled lizards
  4 rats
38 creatures vanquished.

Notes
Turn   | Place    | Note
-------+----------+-------------------------------------------
     0 | D:1      | Ozzies the Gargoyle Fighter began the quest for the Orb.
     0 | D:1      | Reached XP level 1. HP: 14/14 MP: 1/1
   103 | D:1      | Reached XP level 2. HP: 16/20 MP: 2/2
   231 | D:1      | Reached skill level 4 in Fighting
   890 | D:1      | Reached XP level 3. HP: 24/24 MP: 3/3
  1195 | D:2      | Reached skill level 5 in Fighting
  1480 | D:2      | Reached XP level 4. HP: 31/31 MP: 4/4
  1538 | D:2      | Cast into level 1 of the Abyss (goblin)
  1556 | Abyss:1  | Noticed a chaos spawn
  1560 | Abyss:1  | Slain by a chaos spawn

Illustrated notes

Levels and vault maps discovered:
D:1:      dpeg_arrival_tiny_j, layout_basic
D:2:      layout_basic, serial_corexii_hall, chequers_hall_statues_y,
          corexii_hall_statues_x, chequers_hall_statues_y, st_stairs_12
Abyss:1:  base: D:2, evilmike_abyss_exit_16

Skill      XL: |  1  2  3 |
---------------+----------+-----
Fighting       | 4 5 |  5.3
Maces & Flails | |  2.0
Armour         | |  3.2
Shields        | |  3.2

Action                   |  1- 3 |  4- 6 || total
-------------------------+-------+-------++-------
Melee: Flail             |   106 |    10 ||   116
Armor: Scale mail        |    51 |     4 ||    55
Dodge: Dodged            |    32 |     3 ||    35
Block: Kite shield       |    57 |     3 ||    60

Table legend: (Time is in decaauts)
 A = Elapsed time spent in this place.
 B = Non-inter-level travel time spent in this place.
 C = Inter-level travel time spent in this place.
 D = Time resting spent in this place.
 E = Time spent auto-exploring this place.
 F = Levels seen in this place.
 G = Mean time per level.
                   A        B        C        D        E       F      G
               +--------+--------+--------+--------+--------+-----+--------+
         Total |   1602 |   1545 |     57 |      0 |   1246 |   3 |  534.0 |
       Dungeon |   1580 |   1523 |     57 |      0 |   1245 |   2 |  790.0 |
         Abyss |     22 |     22 |      0 |      0 |      1 |   1 |   22.0 |
               +--------+--------+--------+--------+--------+-----+--------+

Top non-repeatable levels by time:
     D:1: 1034 daAuts
     D:2: 546 daAuts
 Abyss:1: 22 daAuts
